 Dungeon Crawl Stone Soup version 0.31-a0-963-ga325b2283a (webtiles) character file.

Game seed: 16776257285070388731

472 IdlyInterested the Trooper (level 6, -12/55 HPs)
             Began as a Demonspawn Fighter on Oct 24, 2023.
             Killed by nerve-wracking pain
             ... invoked by an orc priest
              (13 damage)
             ... on level 4 of the Dungeon.
             The game lasted 00:11:46 (3220 turns).

IdlyInterested the Trooper (Demonspawn Fighter)     Turns: 3220, Time: 00:11:47

Health: -12/55     AC: 14    Str: 18    XL:     6   Next: 83%
Magic:  6/6        EV:  5    Int:  9    God:
Gold:   208        SH:  4    Dex: 13    Spells: 5/5 levels left

rFire   . . .        x - +0 dagger (speed)
rCold   . . .        b - +0 buckler
rNeg    . . .        h - +0 plate armour
rPois   .            (no helmet)
rElec   .            (no cloak)
rCorr   .            (no gloves)
SInv    .            k - +0 pair of boots
Will    .....        (no amulet) Stlth
                     (no ring)
HPRegen 0.29/turn    (no ring)
MPRegen 0.10/turn

%: no passive effects
@: invisible
A: rugged brown scales 2, powered by death 1
a: no special abilities


You were on level 4 of the Dungeon.
You visited 1 branch of the dungeon, and saw 4 of its levels.

You collected 208 gold pieces.

Inventory:

Hand Weapons
 d - a +0 dagger
 i - a +0 short sword
 u - a +0 hand axe
 x - a +0 dagger of speed (weapon)
 y - a +0 flail
Missiles
 s - 25 stones (quivered)
Armour
 a - a +0 scale mail
 b - a +0 buckler (worn)
 g - a +0 robe
 h - a +0 plate armour (worn)
 k - a +0 pair of boots (worn)
 n - the +0 ring mail of Hadjma {rC+ Str-4 Int+6}
   (You found it on level 2 of the Dungeon)

   Str-4:     It affects your strength (-4).
   Int+6:     It affects your intelligence (+6).
   rC+:       It protects you from cold.
 v - a +0 leather armour
Jewellery
 l - an amulet of magic regeneration
Wands
 t - a wand of flame (13)
Scrolls
 c - 2 scrolls of brand weapon {unknown}
 e - 5 scrolls of teleportation
 f - a scroll of blinking {unknown}
 j - a scroll of amnesia {unknown}
 m - 2 scrolls of fear {unknown}
 o - 2 scrolls of poison {unknown}
 r - 2 scrolls of identify {unknown}
Potions
 p - a potion of heal wounds {unknown}
 q - a potion of haste {unknown}


   Skills:
 * Level 6.6 Fighting
 + Level 1.7 Throwing
 - Level 3.0 Armour
 - Level 2.0 Dodging
 - Level 1.0 Stealth
 - Level 2.6 Shields
 - Level 2.0 Unarmed Combat


You had 5 spell levels left.
You didn't know any spells.
Your spell library contained the following spells:

 Spells                   Type           Power      Damage    Failure   Level
 Apportation              Tloc           0%         N/A       100%        1
 Necrotise                Necr           0%         1d4       100%        1
 Summon Small Mammal      Summ           0%         N/A       100%        1
 Dazzling Flash           Conj/Hex       0%         N/A       100%        3
 Stone Arrow              Conj/Erth      0%         3d7       100%        3
 Animate Armour           Summ/Erth      0%         N/A       100%        4
 Agony                    Necr           0%         N/A       100%        5
 Silence                  Hex/Air        0%         N/A       100%        5
 Lehudib's Crystal Spear  Conj/Erth      0%         10d2      100%        8


Dungeon Overview and Level Annotations

Branches:
Dungeon (4/15)
 Temple: D:4-7

Altars:
Ashenzari
Qazlal


Innate Abilities, Weirdness & Mutations

You are mostly covered in rugged brown scales. (AC +2, +5% HP)
You regenerate a little health from kills.


Message History

The scorpion is heavily wounded.
You hit the scorpion but do no damage.
The scorpion is heavily wounded.
The scorpion stings you but does no damage.
You barely miss the scorpion.
The scorpion is heavily wounded.
The scorpion stings you but does no damage.
You completely miss the scorpion.
The scorpion is heavily wounded.
The scorpion barely misses you.
You hit the scorpion but do no damage.
The scorpion is heavily wounded.
The scorpion stings you.
* * * LOW HITPOINT WARNING * * *
You strike the helpless scorpion from behind!
You hit the scorpion.
The scorpion is severely wounded.
You block the scorpion's attack.
You strike the helpless scorpion from behind!
You hit the scorpion.
The scorpion is almost dead.
You hit the scorpion.
You kill the scorpion!
The orc priest casts a cantrip, but nothing happens.
The orc priest hits you with a +0 short sword.
* * * LOW HITPOINT WARNING * * *
Items here: )))) [[[ †.
You hit the orc priest but do no damage.
The orc priest hits you but does no damage.
You closely miss the orc priest. You completely miss the orc priest.
The orc priest mumbles some strange prayers to Beogh against you.
Beogh smites you!
* * * LOW HITPOINT WARNING * * *
You hit the orc priest but do no damage.
The orc priest barely misses you.
You hit the orc priest but do no damage.
The orc priest calls down the wrath of Beogh upon you.
Pain shoots through your body!
You die...

#..#####......
####..)........#
......?.?#....#
#..........###.
#...<†.......
#...#†o...#####
##. #..#.##
#.##..#######
#...<.o@....#
#####..#####.#
#...#..# #....#
#...#.## ##.##.#
... ..# ###. ###
#.


You could see an orc priest (unable to see you).

Vanquished Creatures
  Sigmund (D:3)
  A sky beast (D:3)
  A scorpion (D:4)
  A hound (D:4)
  Terence (D:2)
  An orc wizard (D:4)
  An adder (D:2)
  A worm (D:2)
  2 dart slugs
  4 orcs
  10 ball pythons
  6 endoplasms
  3 giant cockroaches
  7 goblins
  3 hobgoblins
  3 jackals (D:2)
  3 kobolds (D:1)
  2 quokkas
  4 bats
  3 frilled lizards
  A rat (D:2)
59 creatures vanquished.

Vanquished Creatures (others)
  A hobgoblin (D:3)
1 creature vanquished.

Grand Total: 60 creatures vanquished

Notes
Turn   | Place    | Note
-------+----------+-------------------------------------------
     0 | D:1      | IdlyInterested the Demonspawn Fighter began the quest for
                  | the Orb.
     0 | D:1      | Reached XP level 1. HP: 18/18 MP: 1/1
   291 | D:1      | Gained mutation: You regenerate a little health from kills.
                  | [demonic ancestry]
   291 | D:1      | Reached XP level 2. HP: 18/24 MP: 2/2
   481 | D:1      | Reached skill level 1 in Dodging
   780 | D:2      | Reached skill level 1 in Stealth
   780 | D:2      | Reached XP level 3. HP: 29/29 MP: 3/3
   808 | D:2      | Identified the +0 ring mail of Hadjma {rC+ Str-4 Int+6}
   877 | D:2      | Noticed Terence
   903 | D:2      | Killed Terence
  1099 | D:2      | Reached skill level 4 in Fighting
  1132 | D:2      | Reached XP level 4. HP: 30/37 MP: 4/4
  1957 | D:3      | Noticed Sigmund
  1973 | D:3      | Killed Sigmund
  1974 | D:3      | Reached skill level 5 in Fighting
  1974 | D:3      | Gained mutation: You are partially covered in rugged brown
                  | scales. (AC +1, +3% HP) [demonic ancestry]
  1974 | D:3      | Reached XP level 5. HP: 11/47 MP: 5/5
  2207 | D:3      | Found a broken altar of Ashenzari.
  2317 | D:3      | Found a stormy altar of Qazlal.
  2317 | D:3      | Noticed a sky beast
  2347 | D:3      | Killed a sky beast
  2348 | D:3      | Reached skill level 6 in Fighting
  2348 | D:3      | Reached skill level 1 in Throwing
  2348 | D:3      | Gained mutation: You are mostly covered in rugged brown
                  | scales. (AC +2, +5% HP) [demonic ancestry]
  2348 | D:3      | Reached XP level 6. HP: 30/54 MP: 6/6
  3218 | D:4      | HP: 1/55 [orc priest/divine providence (13)]
  3220 | D:4      | Killed from afar by an orc priest

Illustrated notes

Levels and vault maps discovered:
D:1:      erik_arrival_blinker_ship, layout_rooms
D:2:      layout_basic, uniq_terence
D:3:      layout_basic, ashenzari_altar_1, nicolae_qazlal_beasts_of_the_sky,
          chequers_serial_rivers_micro_c, lemuel_flame_loot_1, uniq_sigmund
D:4:      layout_loops_ring, mainiacjoe_overflow_alcove_1,
          minmay_temple_entry_proselytizer, uniq_blork_the_orc

Skill      XL: |  1  2  3  4  5 |
---------------+----------------+-----
Armour         | 3 |  3.0
Dodging        | 1 2 |  2.0
Stealth        | 1 |  1.0
Unarmed Combat | 2 |  2.0
Fighting       | 4 5 6 |  6.6
Throwing       | 1 |  1.7
Shields        | |  2.6

Action                     |  1- 3 |  4- 6 || total
---------------------------+-------+-------++-------
  Melee: Unarmed           |   152 |   185 ||   337
         Dagger            |       |    31 ||    31
  Throw: Stone             |       |     5 ||     5
  Evoke: Wand              |       |     2 ||     2
    Use: Scroll            |     1 |       ||     1
         Potion            |     1 |     7 ||     8
   Stab: Invisible         |       |     2 ||     2
 Armour: Scale mail        |    17 |       ||    17
         Plate armour      |    79 |   166 ||   245
         Ring mail         |    14 |       ||    14
  Dodge: Dodged            |    39 |    42 ||    81
  Block: Buckler           |    34 |    35 ||    69

Table legend: (Time is in decaauts)
 A = Elapsed time spent in this place.
 B = Non-inter-level travel time spent in this place.
 C = Inter-level travel time spent in this place.
 D = Time resting spent in this place.
 E = Time spent auto-exploring this place.
 F = Levels seen in this place.
 G = Mean time per level.
                   A        B        C        D        E       F      G
               +--------+--------+--------+--------+--------+-----+--------+
         Total |   3215 |   2804 |    411 |    500 |   1379 |   4 |  803.8 |
       Dungeon |   3215 |   2804 |    411 |    500 |   1379 |   4 |  803.8 |
               +--------+--------+--------+--------+--------+-----+--------+

Top non-repeatable levels by time:
     D:3: 1189 daAuts
     D:2: 1161 daAuts
     D:1: 712 daAuts
     D:4: 151 daAuts
